 Dungeon Crawl Stone Soup version 0.25.1-2-g60ff931df9 (webtiles) character file.

Game seed: 18195478058463746302

174 Curus the Twirler (level 5, 0/38 HPs)
             Began as a Demonspawn Gladiator on Oct 29, 2020.
             Was an Initiate of Okawaru.
             Slain by a leopard gecko (3 damage)
             ... on level 3 of the Dungeon.
             The game lasted 00:06:59 (1616 turns).

Curus the Twirler (Demonspawn Gladiator)            Turns: 1616, Time: 00:07:00

Health: 0/38       AC:  6    Str: 15    XL:     5   Next: 28%
Magic:  5/5        EV: 12    Int:  9    God:    Okawaru [......]
Gold:   127        SH:  0    Dex: 15    Spells: 4/4 levels left

rFire    + . .     SeeInvis .   a - +0 quarterstaff
rCold    . . .     Gourm    .   (shield currently unavailable)
rNeg     . . .     Faith    .   b - +1 leather armour
rPois    .         Spirit   .   c - +0 helmet
rElec    .         Reflect  .   (no cloak)
rCorr    .         Harm     .   j - +0 pair of gloves
MR       .....                  (no boots)
Stlth    +.........             (no amulet)
HPRegen  0.12/turn              (no ring)
MPRegen  0.09/turn              (no ring)

@: no status effects
A: hooves 1, demonic guardian 1, fire resistance 1
a: Renounce Religion


You were on level 3 of the Dungeon.
You worshipped Okawaru.
Okawaru was noncommittal.
You were not hungry.

You visited 2 branches of the dungeon, and saw 5 of its levels.

You collected 127 gold pieces.

Inventory:

Hand Weapons
 a - a +0 quarterstaff (weapon)
Missiles
 d - 3 throwing nets (quivered)
Armour
 b - a +1 leather armour (worn)
 c - a +0 helmet (worn)
 j - a +0 pair of gloves (worn)
Scrolls
 e - 2 scrolls of identify
 k - a scroll of amnesia
Potions
 h - 2 potions of haste
Comestibles
 f - 4 rations
 g - 2 chunks of flesh


   Skills:
 - Level 2.0 Fighting
 + Level 5.5 Staves
 - Level 1.7 Throwing
 - Level 2.6 Dodging


You had 4 spell levels left.
You didn't know any spells.
Your spell library was empty.

Dungeon Overview and Level Annotations

Branches:
Dungeon (4/15)             Temple (1/1) D:4

Altars:
Cheibriados
Hepliaklqana
Okawaru


Innate Abilities, Weirdness & Mutations

You have large cloven feet.
A weak demonic guardian rushes to your aid.
Your flesh is heat resistant. (rF+)


Message History

You hit the orc.
You kill the orc!
Okawaru accepts your kill.
Your shadow imp misses the leopard gecko.
The leopard gecko bites your shadow imp but does no damage.
You hit the orc but do no damage. You kick the orc.
The orc is almost dead.
The orc hits you but does no damage.
The leopard gecko closely misses your shadow imp.
Your shadow imp closely misses the leopard gecko.
You sock the orc!
You kill the orc!
Okawaru accepts your kill.
Your shadow imp disappears in a puff of smoke!
You barely miss the leopard gecko.
The leopard gecko is severely wounded.
The leopard gecko bites you.
* * * LOW HITPOINT WARNING * * *
The leopard gecko bites you.
You die...

#. ...# .. ##..# .#
.#..# .## ...# # ..
#..# #. #o##).# #.
#)#...#
#...#..§§##########
#..###..ool@.......
#...#..§#########..
#..#.#..# #.##.##.#
#.#...#.# #..###..#
### ####.#...#.#
#..# #....##.##.#
##...#
#.....#(#..###...#


You could see 2 orcs and a leopard gecko.

Vanquished Creatures
  A phantom (D:4)
  An orc priest (D:3)
  A gnoll (D:1)
  2 adders (D:4)
  A worm (D:2)
  2 leopard geckos (D:1)
  4 orcs
  4 bats
  2 giant cockroaches (D:1)
  4 goblins (D:1)
  2 hobgoblins (D:1)
  6 kobolds
  2 ball pythons
  2 frilled lizards
  A jackal skeleton (D:4)
  6 rats
41 creatures vanquished.

Notes
Turn   | Place    | Note
-------+----------+-------------------------------------------
     0 | D:1      | Curus the Demonspawn Gladiator began the quest for the Orb.
     0 | D:1      | Reached XP level 1. HP: 16/16 MP: 1/1
   100 | D:1      | Reached skill level 3 in Staves
   179 | D:1      | Gained mutation: Your flesh is heat resistant. (rF+)
                  | [demonic ancestry]
   179 | D:1      | Reached XP level 2. HP: 18/22 MP: 2/2
   413 | D:1      | Gained mutation: A weak demonic guardian rushes to your
                  | aid. [demonic ancestry]
   413 | D:1      | Reached XP level 3. HP: 23/27 MP: 3/3
   953 | D:1      | Reached skill level 4 in Staves
  1312 | D:2      | You fall into a shaft and drop 2 floors!
  1325 | D:4      | Found a staircase to the Ecumenical Temple.
  1335 | D:4      | Noticed a phantom
  1369 | D:4      | Killed a phantom
  1369 | D:4      | Reached skill level 5 in Staves
  1369 | D:4      | Gained mutation: You have large cloven feet. [demonic
                  | ancestry]
  1369 | D:4      | Reached XP level 4. HP: 16/33 MP: 4/4
  1369 | D:4      | Reached XP level 5. HP: 19/38 MP: 5/5
  1529 | Temple   | Entered the Ecumenical Temple
  1535 | Temple   | Became a worshipper of Warmaster Okawaru
  1616 | D:3      | Slain by a leopard gecko

Illustrated notes

Levels and vault maps discovered:
D:1:      doesnt_arrival_eight_statues, layout_basic, minmay_cupped
D:2:      layout_basic, old_standard_altar, serial_bayou, serial_bayou_pond_e,
          serial_bayou_lagoon_b, serial_bayou_pond_e, serial_bayou_lagoon_a,
          uniq_robin, uniq_sigmund
D:3:      layout_rooms, corexii_hall_statues_u, minmay_ruptured
D:4:      layout_basic, nicolae_overflow_hidden_temple,
          minmay_temple_entry_large_hall, first_ration, uniq_menkaure,
          uniq_eustachio
Temple:   eino_wide_crystal_templ

Skill      XL: |  1  2  3 |
---------------+----------+-----
Staves         | 3 5 |  5.5
Fighting       | |  2.0
Throwing       | |  1.7
Dodging        | |  2.6

Action                   |  1- 3 |  4- 6 || total
-------------------------+-------+-------++-------
Melee: Quarterstaff      |   112 |    21 ||   133
       Kick              |       |     6 ||     6
  Use: Scroll            |     5 |       ||     5
       Potion            |     2 |       ||     2
 Stab: Distracted        |     1 |       ||     1
       Sleeping          |     1 |       ||     1
  Eat: Chunk             |     1 |     1 ||     2
Armor: Leather armour    |    33 |     3 ||    36
Dodge: Dodged            |    70 |     8 ||    78
